 Dungeon Crawl Stone Soup version 0.19.0 (webtiles) character file.

7734 PurpleRed the Severer (level 11, -3/101 HPs)
             Began as a Minotaur Berserker on Nov 13, 2016.
             Was a Priest of Trog.
             Slain by an elephant (6 damage)
             ... on level 2 of the Lair of Beasts.
             The game lasted 00:16:28 (1606 turns).

PurpleRed the Severer (Minotaur Berserker)          Turns: 1606, Time: 00:16:29

Health: -3/101     AC: 21    Str: 23    XL:     11   Next: 0%
Magic:  10/10      EV: 14    Int:  4    God:    Trog [***...]
Gold:   231        SH:  0    Dex: 17    Spells: 0 memorised, 10 levels left

rFire  . . .     SeeInvis +     i - +0 battleaxe
rCold  . . .     Gourm    .     m - +11 chain mail of Viule Suc {Stlth+}
rNeg   . . .     Faith    .     (shield currently unavailable)
rPois  .         Spirit   .     (helmet restricted)
rElec  .         Reflect  .     (no cloak)
rCorr  .         Harm     .     (no gloves)
MR     .....                    (no boots)
Stlth  ++........               (no amulet)
                                t - ring of stealth
                                q - ring of see invisible (curse)

@: agile, lethally poisoned (-3 -> -4), exhausted, slowed, very slow
A: retaliatory headbutt, horns 2
a: Berserk, Trog's Hand, Burn Spellbooks, Renounce Religion


You were on level 2 of the Lair of Beasts.
You worshipped Trog.
Trog was most pleased with you.
You were very hungry.

You visited 2 branches of the dungeon, and saw 11 of its levels.

You collected 231 gold pieces.

Inventory:

Hand Weapons
 a - a +0 war axe
 i - a +0 battleaxe (weapon)
 o - a +1 hand axe of venom
Armour
 g - a +1 chain mail of cold resistance
 k - a cursed +0 chain mail
 m - the +11 chain mail of Viule Suc (worn) {Stlth+}
   (You found it on level 5 of the Dungeon)

   It makes you more stealthy.
Jewellery
 q - a cursed ring of see invisible (left hand)
 t - a ring of stealth (right hand)
Wands
 h - a wand of flame (8/48)
 p - a wand of random effects (29/48)
Scrolls
 d - 5 scrolls of identify
 e - a scroll of recharging
 l - a scroll of holy word
Potions
 b - a potion of berserk rage
Comestibles
 c - 7 bread rations
 j - 10 chunks of flesh
 r - a meat ration
 s - 9 slices of pizza
 u - a beef jerky


   Skills:
 + Level 10.4 Fighting
 * Level 15.8 Axes
 - Level 6.8 Armour
 - Level 2.5 Dodging


You had 10 spell levels left.
You didn't know any spells.

Dungeon Overview and Level Annotations

Branches:
Dungeon (8/15)               Lair (3/6) D:8
 Temple: D:4-7        Swamp: Lair:2-4    Shoals: Lair:2-4     Snake: Lair:2-4
 Spider: Lair:2-4

Altars:
Trog

Shops:
D:7 *   D:8 }


Innate Abilities, Weirdness & Mutations

You reflexively headbutt those who attack you in melee.
You have a pair of horns on your head.


Message History

Okay, then.
Okay, then.
You feel agile all of a sudden.
You feel sick. The elephant misses you. The elephant barely misses you.
The death yak gores you but does no damage.
The death yak gores you!
* * * LOW HITPOINT WARNING * * *
The elephant tramples you.
* * * LOW HITPOINT WARNING * * *
You stumble backwards!
Okay, then.
As you read the scroll labeled BIN RUEROUMILO, it crumbles to dust.
The creatures around you are filled with an inner flame!
It was a scroll of immolation.
You feel sick. The elephant closely misses you.
The elephant trunk-slaps you but does no damage.
The death yak gores you!
* * * LOW HITPOINT WARNING * * *
Unknown command.
The death yak misses you. The elephant tramples you.
You die...

#.......(.........##
....................#
.................P###
..................#.#####
........................#
.....)...†..............#
.........†..........##>.#
............##....###
........#######.@Y#
##.##....# #PY.#
###.#..### #...##
##....## ##..P### ...####
#.....# ###.# #.♣..## ##
♣..♣♣.# ♣♣♣♣P..# ♣P♣.♣#


You could see a death yak (inner flame) and an elephant (inner flame).

Vanquished Creatures
  A hydra (Lair:1)
  Erica (D:8)
  A black mamba (Lair:3)
  2 elephants (Lair:3)
  3 komodo dragons (Lair:2)
  Grinder (D:3)
  A hippogriff (D:8)
  13 yaks (Lair:2)
  A water moccasin (D:6)
  3 porcupines (Lair:2)
  A sky beast (D:5)
  3 orc warriors
  An ice beast (D:8)
  2 phantoms
  2 black bears (D:8)
  A centaur (D:5)
  7 bullfrogs
  6 killer bees (D:7)
  2 hounds
  2 orc priests
  3 orc wizards
  An iguana (D:8)
  2 worker ants
  A hound skeleton (D:7)
  4 adders
  A shadow imp (D:6)
  A dart slug (D:1)
  13 orcs
  A hobgoblin (D:3)
  5 jackals
  A quokka (D:3)
  A bat (D:1)
  3 frilled lizards
  2 goblins
  A jackal skeleton (D:5)
  2 kobolds
  A leopard gecko zombie (D:5)
  3 rats
  A fungus (Lair:1)
  A plant (Lair:2)
102 creatures vanquished.

Notes
Turn   | Place    | Note
-------+----------+-------------------------------------------
     0 | D:1      | PurpleRed the Minotaur Berserker began the quest for the Orb.
     0 | D:1      | Reached XP level 1. HP: 19/19 MP: 0/0
    62 | D:2      | Reached XP level 2. HP: 23/27 MP: 1/1
   187 | D:3      | Noticed Grinder
   188 | D:3      | Paralysed by Grinder for 2 turns
   200 | D:3      | Killed Grinder
   200 | D:3      | Reached skill level 5 in Fighting
   200 | D:3      | Reached skill level 6 in Axes
   200 | D:3      | Reached XP level 3. HP: 36/36 MP: 2/2
   200 | D:3      | Reached XP level 4. HP: 42/42 MP: 3/3
   200 | D:3      | Reached XP level 5. HP: 48/48 MP: 4/4
   281 | D:4      | Noticed a phantom
   296 | D:4      | Killed a phantom
   296 | D:4      | Reached XP level 6. HP: 55/56 MP: 5/5
   378 | D:4      | Reached skill level 7 in Axes
   384 | D:5      | Entered Level 5 of the Dungeon
   391 | D:5      | Reached ** piety under Trog
   408 | D:5      | Got a transparent chain mail
   419 | D:5      | Identified the +11 chain mail of Viule Suc {Stlth+} (You found it on level 5 of the Dungeon)
   435 | D:5      | Noticed a sky beast
   450 | D:5      | Killed a sky beast
   450 | D:5      | Reached XP level 7. HP: 45/61 MP: 6/6
   463 | D:6      | Reached skill level 8 in Axes
   533 | D:6      | Reached skill level 9 in Axes
   533 | D:6      | Reached skill level 5 in Armour
   620 | D:7      | Reached XP level 8. HP: 69/69 MP: 7/7
   672 | D:7      | Reached skill level 10 in Axes
   708 | D:8      | Noticed a hippogriff
   710 | D:8      | Found a bloodstained altar of Trog.
   718 | D:8      | Killed a hippogriff
   724 | D:8      | Reached skill level 11 in Axes
   773 | D:7      | Found Xoolevia's General Store.
   822 | D:8      | Found a staircase to the Lair.
   840 | D:8      | Found Caxuq's Gadget Emporium.
   908 | D:8      | Reached *** piety under Trog
   908 | D:8      | Reached XP level 9. HP: 72/75 MP: 8/8
   931 | D:8      | Noticed Erica
   945 | D:8      | Killed Erica
   945 | D:8      | Reached skill level 12 in Axes
  1056 | Lair:1   | Entered Level 1 of the Lair of Beasts
  1056 | Lair:1   | Noticed an eight-headed hydra
  1064 | Lair:1   | Killed an 11-headed hydra
  1064 | Lair:1   | Reached skill level 13 in Axes
  1109 | Lair:2   | Noticed a komodo dragon
  1128 | Lair:2   | Killed a komodo dragon
  1128 | Lair:2   | Reached XP level 10. HP: 90/90 MP: 9/9
  1128 | Lair:2   | Reached skill level 14 in Axes
  1515 | Lair:2   | Reached skill level 15 in Axes
  1543 | Lair:2   | Reached skill level 10 in Fighting
  1581 | Lair:3   | Noticed an elephant
  1581 | Lair:3   | Noticed an elephant
  1582 | Lair:3   | Noticed a black mamba
  1582 | Lair:3   | Noticed an elephant
  1588 | Lair:3   | Killed a black mamba
  1589 | Lair:3   | Noticed an elephant
  1590 | Lair:3   | Killed an elephant
  1592 | Lair:3   | Noticed a death yak
  1592 | Lair:3   | Noticed a death yak
  1594 | Lair:3   | Noticed a death yak
  1595 | Lair:3   | Killed an elephant
  1595 | Lair:3   | Reached XP level 11. HP: 59/101 MP: 10/10
  1605 | Lair:2   | HP: 2/101 [death yak (13)]
  1606 | Lair:2   | Slain by an elephant

Skill      XL: |  1  2  3  4  5  6  7  8  9 10 |
---------------+-------------------------------+-----
Fighting       | 5 6 8 10 | 10.4
Axes           | 6 7 9 11 13 15 | 15.8
Armour         | 4 5 6 |  6.8
Dodging        | |  2.5

Action                   |  1- 3 |  4- 6 |  7- 9 | 10-12 || total
-------------------------+-------+-------+-------+-------++-------
Melee: Hand axe          |    27 |    28 |     3 |       ||    58
       Headbutt          |     4 |     4 |    22 |    13 ||    43
       War axe           |       |       |   129 |    31 ||   160
       Battleaxe         |       |       |     5 |    30 ||    35
Invok: Berserk           |     2 |     1 |     8 |     4 ||    15
Evoke: Wand              |       |     9 |     2 |       ||    11
  Use: Scroll            |       |     3 |     2 |     2 ||     7
       Potion            |       |       |       |     1 ||     1
  Eat: Chunk             |       |     1 |     9 |     6 ||    16
Armor: Animal skin       |     3 |       |       |       ||     3
       Ring mail         |     6 |       |       |       ||     6
       Chain mail        |       |    17 |   105 |    31 ||   153
Dodge: Dodged            |    13 |     8 |    99 |    36 ||   156
